Map: Stargazers

Players

FrosTy

  • Race: Terran Terran
  • League: Diamond
  • Spawn Location: 11:00

YouTuber - Winner!

  • Race: Zerg Zerg
  • League: Diamond
  • Spawn Location: 1:00

VOD

Have the link to the VOD?

Description

Time

  • Played on: Nov. 27, 2022, 1:39 a.m.
  • Length: 23:05
Show
View Real Time Build Order
Export as new Build Order

FrosTy Terran 

Build Orders: Hellion Opening, Reaper Expand 

Get SALT Encoding   

  12  0:01  SCV  
  13  0:13  SCV  
  14  0:18  Supply Depot  
  14  0:25  SCV  
  15  0:39  SCV  
  15  0:41  Barracks  
  16  0:45  Refinery  
  16  0:51  SCV  
  17  1:04  SCV  
  18  1:16  SCV  
  19  1:28  Orbital Command  
  19  1:30  Reaper  
  20  1:53  Command Center  
  20  1:56  SCV  
  21  2:06  Factory  
  21  2:11  Supply Depot  
  21  2:16  SCV  
  22  2:23  Barracks Reactor  
  22  2:34  SCV  
  23  2:46  SCV, Command Center  
  24  2:58  SCV  
  25  3:09  Starport  
  25  3:10  SCV  
  25  3:11  Hellion x2  
  30  3:13  Marine  
  31  3:21  Orbital Command  
  31  3:26  SCV  
  32  3:33  Hellion  
  34  3:37  Hellion  
  34  3:38  SCV  
  34  3:39  Marine  
  38  3:50  SCV  
  38  3:51  SCV  
  40  3:59  Hellion x2  
  40  4:02  SCV  
  45  4:04  Barracks Reactor  
  45  4:06  SCV, Barracks  
  46  4:10  Orbital Command  
  46  4:14  SCV  
  47  4:20  SCV  
  47  4:24  Orbital Command  
  48  4:26  SCV  
  49  4:34  SCV  
  49  4:35  Hellion  
  49  4:36  Hellion  
  49  4:37  Medivac  
  57  4:39  SCV  
  57  4:41  Refinery  
  57  4:46  SCV  
  57  4:51  SCV  
  57  4:52  Marine x2  
  57  5:12  Starport Tech Lab  
  53  5:14  Marine, Armory  
  53  5:15  Marine x2  
  53  5:16  Orbital Command  
  48  5:27  Hellion x2  
  50  5:32  Marine x2  
  47  5:45  Barracks Tech Lab  
  47  5:46  Banshee  
  47  5:48  Hellion x2  
  53  5:50  Marine x2  
  53  5:53  SCV x3  
  58  6:05  SCV x3, Stimpack  
  61  6:28  Supply Depot  
  61  6:38  SCV x2  
  61  6:42  SCV  
  58  6:48  Hellion x7  
  58  6:50  SCV x2, Marine  
  58  6:51  Marine x2  
  58  6:54  SCV  
  62  7:02  SCV x2, Barracks, Command Center  
  62  7:04  Factory Tech Lab  
  62  7:06  SCV  
  65  7:08  Marine  
  65  7:10  Marine x2  
  65  7:14  SCV  
  69  7:22  Supply Depot  
  69  7:23  Supply Depot x2, Engineering Bay  
  69  7:24  Engineering Bay  
  69  7:31  Supply Depot  
  69  7:42  SCV x2, Marine  
  69  7:44  Starport Reactor  
  69  7:52  Marine x4  
  69  7:53  SCV  
  69  7:54  SCV  
  69  7:55  SCV  
  69  7:57  Supply Depot  
  69  7:58  Terran Infantry Weapons Level 1, Terran Infantry Armor Level 1  
  76  7:59  Siege Tank  
  76  8:00  Marine  
  76  8:05  SCV  
  81  8:06  SCV, Barracks  
  81  8:07  Combat Shield  
  81  8:09  Barracks  
  81  8:10  Marine x3  
  81  8:11  SCV  
  81  8:12  Refinery  
  86  8:13  Refinery  
  86  8:17  SCV  
  86  8:18  SCV  
  88  8:22  SCV  
  88  8:23  SCV  
  88  8:24  Refinery  
  88  8:25  Refinery  
  90  8:28  Marine x2  
  90  8:29  SCV  
  90  8:30  SCV  
  90  8:34  SCV, Medivac  
  96  8:35  SCV  
  96  8:38  Marine  
  96  8:39  Marine x2  
  101  8:41  SCV  
  101  8:42  Missile Turret  
  101  8:44  Missile Turret  
  101  8:48  Missile Turret  
  102  8:51  SCV x3  
  102  8:53  SCV  
  106  9:00  Marine x3  
  106  9:01  Marine x2  
  111  9:03  SCV  
  111  9:04  SCV  
  111  9:05  SCV x2  
  115  9:10  Siege Tank  
  115  9:14  Barracks Reactor, Supply Depot  
  118  9:17  Marine  
  118  9:18  Concussive Shells, Marine  
  120  9:26  Marine x3  
  120  9:27  Supply Depot  
  120  9:28  Supply Depot  
  123  9:35  Marine  
  123  9:36  Marauder, Marine  
  123  9:38  Missile Turret  
  127  9:44  Marine x3  
  121  9:53  Marine  
  121  9:54  Marine  
  85  10:11  Marine x2  
  85  10:12  Marauder x2, Marine x3  
  74  10:22  Marine  
  75  10:29  Marine x3  
  75  10:30  Marine x2  
  75  10:34  Marauder x2  
  81  10:40  Marine  
  81  10:41  SCV  
  81  10:49  SCV  
  82  10:54  Planetary Fortress  
  82  11:00  SCV x2  
  82  11:01  SCV  
  85  11:12  SCV x2  
  85  11:14  SCV  
  85  11:17  Supply Depot  
  88  11:24  SCV x2  
  90  11:26  SCV, Terran Infantry Weapons Level 2  
  90  11:32  Supply Depot x2  
  91  11:35  SCV  
  91  11:36  SCV x2  
  91  11:38  SCV  
  95  11:40  Terran Infantry Armor Level 2  
  95  11:43  Siege Tank  
  95  11:44  Marine x4  
  102  11:47  SCV  
  102  11:48  SCV  
  102  11:49  SCV  
  102  11:50  SCV  
  106  12:00  SCV  
  106  12:01  SCV x2  
  110  12:02  SCV  
  108  12:12  SCV  
  77  12:19  Marine x4  
  77  12:20  Marauder  
  75  12:23  Medivac  
  75  12:37  Marine x3  
  75  12:38  Marauder  
  75  12:41  Marauder  
  82  12:50  Supply Depot  
  82  12:54  SCV x3  
  82  12:55  SCV, Marine x3  
  89  12:59  Marauder  
  89  13:01  Medivac  
  89  13:03  Marauder  
  95  13:08  SCV x4  
  95  13:10  Factory  
  99  13:12  Marine  
  99  13:13  Marine  
  99  13:14  Factory Reactor  
  99  13:16  Barracks Reactor  
  101  13:20  SCV x2  
  91  13:33  Marine x3  
  91  13:34  Marauder  
  84  13:41  SCV x3  
  84  13:42  SCV  
  88  13:50  Supply Depot  
  88  13:51  Marauder, Marine x2  
  88  13:53  SCV x2  
  88  13:54  SCV, Supply Depot  
  88  13:55  Marauder  
  97  13:56  Supply Depot  
  97  13:59  SCV  
  98  14:04  Marine x2  
  98  14:05  SCV x2  
  98  14:06  Widow Mine  
  98  14:08  Marine  
  98  14:09  Marine, Widow Mine  
  108  14:13  Marauder  
  110  14:17  Terran Infantry Armor Level 3  
  110  14:19  Marine  
  110  14:22  Marine x2  
  113  14:26  Widow Mine  
  115  14:52  Marine x2  
  98  14:53  Marine  
  90  15:03  Missile Turret, Marine x3  
  90  15:04  Missile Turret  
  90  15:05  Widow Mine x3  
  94  15:10  Marine x3  
  97  15:21  Marauder, Marine  
  92  15:22  Marauder  
  92  15:28  Marine x3  
  90  15:39  Marine  
  90  15:43  Marauder x2  
  90  15:46  Marine x3  
  95  15:52  Missile Turret  
  95  15:54  Drilling Claws  
  95  15:56  Marine, Widow Mine  
  95  15:57  SCV x2, Missile Turret, Widow Mine x2  
  102  15:58  SCV  
  102  16:01  SCV  
  102  16:04  Marauder, Marine x4  
  107  16:09  SCV  
  113  16:14  Marine  
  113  16:18  Widow Mine  
  116  16:21  Marine x3, Widow Mine x2  
  116  16:22  Marine  
  115  16:26  Marauder  
  115  16:32  Marine  
  105  16:39  Marine x3, Widow Mine  
  97  16:40  Marauder  
  97  16:47  Marine  
  91  16:50  Marine  
  86  16:57  Marine x3  
  89  17:01  Marauder  
  89  17:05  Marauder  
  89  17:08  Marine  
  88  17:11  Widow Mine  
  88  17:12  Widow Mine x2  
  88  17:15  Marine x3  
  92  17:23  Marauder  
  92  17:24  Medivac  
  92  17:25  Medivac, Marine  
  92  17:26  Marine  
  97  17:32  Widow Mine  
  97  17:33  Marine x3, Widow Mine  
  101  17:43  Marine x2  
  104  17:44  Marauder  
  104  17:50  Marine  
  104  17:51  Marine x2  
  107  17:54  Medivac  
  109  18:04  Marine x2  
  109  18:05  Marine  
  108  18:08  Marine x3  
  84  18:22  Marine x2  
  84  18:23  Marine  
  84  18:26  Marine  
  85  18:39  Marine  
  85  18:40  Marine  
  85  18:41  Marine  
  78  18:44  Marine  
  64  18:58  Marine, Widow Mine  
  64  18:59  Marine  
  65  19:16  Marine  
  53  19:34  Marine  
  54  19:42  Widow Mine x2  
  54  19:43  SCV  
  60  19:52  Marine  
  60  19:53  Orbital Command  
  60  19:55  SCV  
  61  20:09  Widow Mine x2  
  61  20:10  Marine  
  61  20:11  Starport Reactor  
  66  20:15  Barracks  
  66  20:28  Marine  
  67  20:29  SCV x2  
  69  20:41  SCV x2  
  71  20:45  Marine  
  72  20:53  SCV  
  72  20:54  SCV  
  74  21:04  Barracks  
  74  21:08  Medivac x2, Factory Reactor  
  74  21:11  Barracks  
  60  21:26  Marine x3  
  58  21:44  Marine x3  
  59  21:53  Widow Mine  
  59  21:54  Widow Mine  
  61  21:55  Marine  
  61  21:57  Orbital Command  
  62  22:01  Marine  
  62  22:02  Marine x2  
  48  22:31  Marine  
Show
View Real Time Build Order
Export as new Build Order

YouTuber Zerg - Winner!

Build Orders: Hatch First 

Get SALT Encoding   

  12  0:03  Drone  
  13  0:11  Drone  
  14  0:35  Hatchery  
  13  0:37  Drone  
  14  0:45  Overlord  
  14  1:02  Spawning Pool  
  13  1:04  Drone  
  14  1:13  Drone  
  14  1:14  Drone  
  14  1:16  Drone  
  17  1:22  Extractor  
  16  1:27  Drone  
  17  1:37  Drone  
  18  1:47  Drone  
  18  1:48  Drone  
  18  1:51  Queen  
  18  1:53  Queen  
  24  2:04  Drone x2  
  26  2:13  Drone x2  
  28  2:34  Drone  
  28  2:35  Overlord x2  
  28  2:43  Extractor, Metabolic Boost  
  27  2:48  Drone  
  27  2:50  Overlord  
  28  2:55  Drone x3  
  31  3:06  Drone x2  
  33  3:13  Roach Warren  
  33  3:15  Drone  
  33  3:16  Drone x3  
  36  3:21  Overlord  
  36  3:31  Drone x2  
  38  3:53  Roach x4  
  38  3:54  Roach x3  
  52  4:05  Hatchery  
  52  4:08  Spine Crawler  
  50  4:11  Spine Crawler  
  49  4:27  Lair  
  49  4:44  Ravager x4  
  53  5:02  Ravager  
  38  5:42  Roach x4  
  52  5:43  Roach x4  
  51  5:51  Extractor  
  51  5:53  Extractor  
  51  5:57  Roach x4  
  57  6:20  Zergling x2  
  57  6:21  Overlord x2  
  57  6:22  Overlord x3  
  52  6:47  Ravager x4  
  52  6:57  Zergling x4  
  52  6:58  Zergling x32  
  70  7:13  Drone x3  
  73  7:26  Drone x5  
  70  7:55  Drone x13, Baneling Nest  
  70  7:56  Extractor  
  70  7:57  Extractor  
  80  8:04  Zergling x2  
  81  8:06  Zergling x4  
  81  8:07  Zergling x2  
  84  8:14  Zergling x6  
  87  8:21  Drone x2  
  89  8:31  Zergling x4  
  89  8:32  Zergling x2  
  89  8:33  Drone  
  93  8:35  Zergling x2  
  93  8:39  Queen x2  
  93  8:41  Overlord x3  
  98  8:46  Centrifugal Hooks  
  98  8:57  Baneling x16  
  98  8:58  Baneling x12  
  99  9:10  Zergling x20  
  108  9:18  Zergling x2  
  109  9:24  Zergling x2  
  109  9:25  Zergling x4  
  113  9:31  Zergling x6  
  113  9:32  Zergling x2  
  113  9:33  Zergling x6  
  113  9:38  Zergling x2  
  84  10:10  Zergling x28  
  78  10:25  Zergling x2  
  78  10:26  Zergling x6  
  70  10:32  Zergling x2  
  70  10:33  Zergling x8  
  74  10:41  Baneling x3  
  74  10:42  Baneling x25  
  71  10:46  Drone x2  
  71  10:49  Drone  
  74  11:03  Drone x5  
  79  11:05  Zergling x4  
  81  11:13  Drone x4  
  85  11:29  Zergling x16  
  92  11:44  Zergling x10  
  97  11:48  Baneling x3  
  97  11:49  Baneling x12  
  97  11:50  Baneling  
  97  11:51  Baneling x2  
  67  12:26  Zergling x2  
  67  12:27  Zergling x16  
  74  12:36  Spire  
  73  12:38  Drone x2  
  75  12:48  Zergling x4  
  75  12:51  Baneling x9  
  77  12:52  Baneling x19  
  77  13:00  Drone x2, Overlord  
  77  13:01  Overlord x2  
  79  13:13  Hatchery  
  69  13:33  Zergling x2  
  69  13:34  Zergling x26  
  77  13:36  Baneling x2  
  77  13:37  Baneling x2  
  78  13:47  Mutalisk x5  
  88  13:54  Baneling x4  
  88  13:55  Baneling x7  
  88  13:56  Baneling x2  
  88  13:57  Mutalisk x2  
  88  13:58  Mutalisk  
  94  14:06  Mutalisk x2  
  94  14:08  Mutalisk  
  100  14:13  Mutalisk x2  
  104  14:18  Mutalisk  
  104  14:19  Mutalisk  
  104  14:23  Mutalisk  
  110  14:26  Mutalisk  
  110  14:28  Mutalisk  
  114  14:31  Mutalisk  
  116  14:39  Mutalisk x3  
  104  14:53  Mutalisk x3  
  104  14:54  Mutalisk  
  106  15:05  Drone x8  
  108  15:08  Drone  
  108  15:09  Drone  
  105  15:22  Mutalisk x3  
  105  15:23  Mutalisk  
  103  15:32  Zergling x12  
  110  15:42  Zergling x2  
  110  15:43  Zergling x12  
  110  15:46  Drone x2  
  118  15:50  Zergling x2  
  118  15:51  Zergling x4  
  118  15:52  Zergling x2  
  122  16:04  Baneling x4  
  122  16:05  Baneling x8  
  122  16:06  Zergling x6  
  122  16:07  Zergling x2  
  122  16:10  Drone x2  
  95  16:47  Mutalisk x13  
  95  16:53  Mutalisk x2  
  119  17:15  Mutalisk x2  
  119  17:16  Mutalisk x3  
  127  17:24  Mutalisk  
  123  17:49  Mutalisk x2  
  123  17:50  Mutalisk  
  126  17:51  Zergling x16  
  126  17:52  Zergling x20  
  127  18:30  Baneling x2  
  127  18:31  Baneling x9  
  105  18:42  Overlord  
  105  18:43  Overlord x2  
  105  18:44  Drone x2  
  90  19:14  Drone  
  90  19:15  Zergling x22  
  100  19:19  Pneumatized Carapace  
  100  19:23  Drone x2  
  81  19:44  Roach x2  
  81  19:45  Roach x6  
  93  19:49  Overseer x2  
  93  19:50  Overseer  
  93  19:53  Extractor  
  93  19:55  Extractor  
  93  19:58  Roach  
  93  19:59  Roach x5  
  103  20:11  Hatchery  
  102  20:16  Ravager x2  
  102  20:17  Ravager x4  
  102  20:18  Roach x2  
  102  20:19  Roach x3  
  118  20:23  Drone x4  
  122  20:30  Queen x4  
  130  20:37  Roach  
  130  20:38  Roach x6  
  144  20:53  Ravager x2  
  146  21:01  Hatchery  
  131  21:29  Overlord x2  
  131  21:45  Overseer x3  
  128  21:52  Mutalisk x12  
  135  22:33  Mutalisk x3  
  135  22:34  Mutalisk x3  
Tags
 
Add a new tag
Caveats
  • Supply blocks, unpowered buildings, or Contaminate may cause inaccurate times.
  • Supply counts are checked every 10 seconds.